 Dungeon Crawl Stone Soup version 0.14-a0-1876-g927fc3a (webtiles) character file.

167 Deemzul the Insei (level 4, 0/33 HPs)
             Began as an Octopode Monk on Jan 15, 2014.
             Was a Plaything of Xom.
             Slain by a gnoll
             ... wielding a +0,+0 spear
              (7 damage)
             ... on Level 3 of the Dungeon.
             The game lasted 00:03:24 (1623 turns).

Deemzul the Insei (Octopode Monk)                   Turns: 1623, Time: 00:03:25

HP   0/33        AC  1     Str 12      XL: 4   Next: 22%
MP   4/4         EV 13     Int 16      God: Xom
Gold 97          SH  0     Dex 15      Spells:  0 memorised,  3 levels left

rFire  . . .     SeeInvis .       - Unarmed
rCold  . . .     Clarity  +     (no shield)
rNeg   . . .     Conserve .     (helmet restricted)
rPois  +         rCorr    .     (no amulet)
rElec  .         rRot     .     f - ring of poison resistance
SustAb . .       Spirit   .     (no ring)
rMut   .         Warding  .     (no ring)
Saprov . . .     Stasis   .     (no ring)
MR     .....                    (no ring)
                                (no ring)
                                (no ring)
                                (no ring)

@: very slightly contaminated, not resistant to hostile enchantments, quite
stealthy
A: almost no armour, amphibious, 8 rings, constrict 8, camouflage 1, clarity,
clever 2, slow metabolism 1, spit poison 1, strong 1, gelatinous body 1
a: Spit Poison, Renounce Religion


You were on level 3 of the Dungeon.
You worshipped Xom.
You were a very special plaything of Xom.
You were hungry.

You visited 1 branch of the dungeon, and saw 3 of its levels.

You collected 97 gold pieces.

Inventory:

Comestibles
 b - 3 bread rations
 c - a beef jerky
 m - 2 pears
Scrolls
 a - a scroll of remove curse {unknown}
 j - a scroll of fear
Jewellery
 f - a ring of poison resistance (left tentacle)
Potions
 d - a potion of curing {unknown}
 e - 2 potions of heal wounds {unknown}
 h - a potion of speed
 n - a potion of blood


   Skills:
 + Level 3.7 Fighting
 - Level 3.0 Dodging
 - Level 2.6 Stealth
 * Level 5.1 Unarmed Combat


You had 3 spell levels left.
You didn't know any spells.

Dungeon Overview and Level Annotations

Branches:
Dungeon (3/16)

Altars:
Xom


Innate Abilities, Weirdness & Mutations

You cannot wear most types of armour.
You are amphibious.
You can wear up to eight rings at the same time.
You can use your tentacles to constrict many enemies at once.
Your skin changes colour to match your surroundings (Stlth).
Your rubbery body absorbs attacks (AC +1).
You possess an exceptional clarity of mind.
Your mind is very acute. (Int +4)
You have a slow metabolism.
You can spit poison.
Your muscles are strong. (Str +2)


Message History

You swing at nothing.
The gnoll hits you but does no damage. The gnoll hits you but does no damage.
You swing at nothing.
You feel yourself slow down. The gnoll hits you but does no damage.
You swing at nothing.
The gnoll hits you but does no damage.
You swing at nothing.
The gnoll hits you but does no damage. The gnoll hits you but does no damage.
You swing at nothing.
The gnoll hits you but does no damage. The gnoll hits you but does no damage.
You cannot move.
You cannot move.
You swing at nothing.
You feel less woody.
You are feeling hungry.
The gnoll hits you from afar with a spear.
* * * LOW HITPOINT WARNING * * *
You swing at nothing.
The gnoll hits you from afar with a spear!
You die...

*,,,,,,,,,****##(## #......##
*****,***** ##.(.## ##....##
*,*** ##.....## #.####
*****,,,#####.......## ##.## ,
,,,,,.............####...#####
,***,,,,.............+...........
,* *,,,, *#...?gg....####...#####
,* *,*,,* *,#.......#* ##.## ,*
*,,,,* *,##.)@..## ####.### ,* *
**,***,*##...## #......#
,***,,,,,,,,* ##'## #.##.#.#
,,,,,,, ** ** ##.#### #.##.#.#
****,**** #.....# #.##.#.## *,*
##.###.# #.##....# *,* #..* #.#
#.####..# **,*****####..###.#
#.......# *,,,,,,,..........#
#######.#


You could see 2 gnolls.

Vanquished Creatures
  A gnoll (D:3)
  An adder (D:2)
  A giant mite (D:1)
  5 giant geckos
  6 bats
  2 giant cockroaches
  2 goblins (D:2)
  3 hobgoblins
  3 jackals (D:1)
  4 giant newts
  6 kobolds
  8 rats
42 creatures vanquished.

Notes
Turn   | Place    | Note
--------------------------------------------------------------
     0 | D:1      | Deemzul, the Octopode Monk, began the quest for the Orb.
     0 | D:1      | Reached XP level 1. HP: 16/16 MP: 1/1
   292 | D:1      | Reached XP level 2. HP: 14/21 MP: 2/2
   474 | D:1      | Found a shimmering altar of Xom.
   541 | D:1      | Became a worshipper of Xom of Chaos
   563 | D:1      | XOM: potion effect (berserk)
   600 | D:1      | Reached XP level 3. HP: 26/26 MP: 3/3
   614 | D:1      | XOM: god gift: dwarven battleaxe {god gift}
   713 | D:1      | XOM: give mutations
   713 | D:1      | Gained mutation: You possess an exceptional clarity of mind. [Xom's grace]
   713 | D:1      | Gained mutation: Your mind is acute. (Int +2) [Xom's grace]
   744 | D:1      | XOM: god gift: 14 silver darts
   869 | D:1      | XOM: cast spell 'Spider Form'
   880 | D:1      | XOM: give mutations
   880 | D:1      | Gained mutation: You can spit poison. [Xom's grace]
   880 | D:1      | Gained mutation: Your mind is very acute. (Int +4) [Xom's grace]
   880 | D:1      | Gained mutation: Your muscles are strong. (Str +2) [Xom's grace]
  1296 | D:2      | XOM: give mutation
  1296 | D:2      | Gained mutation: You have a slow metabolism. [Xom's mischief]
  1351 | D:2      | Reached skill level 5 in Unarmed Combat
  1434 | D:2      | XOM: 6-stop teleportation journey
  1542 | D:3      | Reached XP level 4. HP: 32/32 MP: 4/4
  1554 | D:3      | XOM: cast spell 'Ring of Flames'
  1623 | D:3      | Slain by a gnoll

Action                   |  1- 3 |  4- 6 || total
-------------------------+-------+-------++-------
Melee: Unarmed           |    85 |     4 ||    89
Throw: Dart              |       |    14 ||    14
 Abil: Spit Poison       |     3 |       ||     3
  Use: Scroll            |       |     5 ||     5
       Potion            |       |     2 ||     2
 Stab: Sleeping          |     3 |       ||     3
